TOP OF THE 1ST |
Bloomington Longnecks batting - Pitching for Scranton Supernovas : RHP Malulani Anakone
|
Pitching: RHP Malulani Anakone
|
|
Batting: SHB Benedict Patel
|
0-0: Foul Ball, location: 2F 0-1: DOUBLE (Line Drive, 9LD)
|
Batting: RHB Yu-shu Tseng
|
0-0: Ball 1-0: Ball Benedict Patel steals 3rd base 2-0: Called Strike 2-1: Foul Ball, location: 2F 2-2: Foul Ball, location: 2F 2-2: Foul Ball, location: 2F 2-2: Ball 3-2: Foul Ball, location: 2F 3-2: Base on Balls
|
Batting: RHB Toussiant L'Ouverture
|
0-0: Ball 1-0: Foul Ball, location: 2F 1-1: Ball 2-1: Swinging Strike 2-2: Foul Ball, location: 2F 2-2: Strikes out swinging
|
Batting: RHB Carlos Cardona
|
0-0: Ball Throwing error on steal attempt, E2 Benedict Patel scores Yu-shu Tseng to third 1-0: Called Strike 1-1: Called Strike 1-2: Ball 2-2: Strikes out looking
|
Batting: LHB Henk van Aardschot
|
0-0: Called Strike 0-1: Ground out 4-3 (Groundball, 4)
|
Top of the 1st over - 1 run, 1 hit, 1 error, 1 left on base; Bloomington 1 - Scranton 0 |
BOTTOM OF THE 1ST |
Scranton Supernovas batting - Pitching for Bloomington Longnecks : RHP Tony DeWitt
|
Pitching: RHP Tony DeWitt
|
|
Batting: RHB Jesús Guzmán
|
0-0: Ground out 6-3 (Groundball, 6)
|
Batting: RHB José Bravo
|
0-0: Ball 1-0: Foul Ball, location: 2F 1-1: Foul Ball, location: 2F 1-2: Ball 2-2: Ball 3-2: Base on Balls
|
Batting: LHB Hai-feng Tang
|
0-0: Ball 1-0: Grounds into double play, 6-4-3 (Groundball, 6)
|
Bottom of the 1st over - 0 runs, 0 hits, 0 errors, 0 left on base; Bloomington 1 - Scranton 0 |
TOP OF THE 2ND |
Bloomington Longnecks batting - Pitching for Scranton Supernovas : RHP Malulani Anakone
|
Batting: RHB Sébastien Bernard
|
0-0: Ground out U3 (Groundball, 3)
|
Batting: LHB Daniel Faraday
|
0-0: Called Strike 0-1: Ball 1-1: Ball 2-1: Ball 3-1: Base on Balls
|
Batting: RHB Tony Martínez
|
0-0: SINGLE (Groundball, 6MD) Daniel Faraday to second Runner from 2nd tries for 3rd, SAFE, no throw
|
Batting: RHB Eun-bum Kim
|
0-0: Called Strike 0-1: Ball 1-1: Ball 2-1: Called Strike 2-2: Ball Tony Martínez steals 2nd base 3-2: Foul Ball, location: 2F 3-2: Strikes out swinging
|
Batting: SHB Benedict Patel
|
0-0: Ball 1-0: Ball 2-0: Ball 3-0: Called Strike 3-1: Ground out 4-3 (Groundball, 4M)
|
Top of the 2nd over - 0 runs, 1 hit, 0 errors, 2 left on base; Bloomington 1 - Scranton 0 |
BOTTOM OF THE 2ND |
Scranton Supernovas batting - Pitching for Bloomington Longnecks : RHP Tony DeWitt
|
Batting: LHB Chase Popoff
|
0-0: Ground out 4-3 (Groundball, 4)
|
Batting: RHB Felipe Bruno
|
0-0: Called Strike 0-1: Ground out 5-3 (Groundball, 56)
|
Batting: RHB Mike Pate
|
0-0: Ball 1-0: Fly out, F7 (Flyball, 7LSF)
|
Bottom of the 2nd over - 0 runs, 0 hits, 0 errors, 0 left on base; Bloomington 1 - Scranton 0 |
TOP OF THE 3RD |
Bloomington Longnecks batting - Pitching for Scranton Supernovas : RHP Malulani Anakone
|
Batting: RHB Yu-shu Tseng
|
0-0: Called Strike 0-1: Ball 1-1: Ball 2-1: Foul Ball, location: 2F 2-2: Ball 3-2: SINGLE (Flyball, 78S)
|
Batting: RHB Toussiant L'Ouverture
|
0-0: Ball 1-0: SINGLE (Flyball, 89S) Yu-shu Tseng to second Runner from 2nd tries for 3rd, SAFE, throw made to third
|
Batting: RHB Carlos Cardona
|
0-0: Ball 1-0: Ball 2-0: Called Strike 2-1: Fly out, F8 (Flyball, 8RXD) Runner from 3rd tags up, SCORES, no throw
|
Batting: LHB Henk van Aardschot
|
0-0: Called Strike 0-1: Fielders Choice at 2nd, 3-6 (Groundball, 34)
|
Batting: RHB Sébastien Bernard
|
0-0: Ball Henk van Aardschot is caught stealing 2nd base
|
Top of the 3rd over - 1 run, 2 hits, 0 errors, 0 left on base; Bloomington 2 - Scranton 0 |
BOTTOM OF THE 3RD |
Scranton Supernovas batting - Pitching for Bloomington Longnecks : RHP Tony DeWitt
|
Batting: RHB José Rodríguez
|
0-0: Ball 1-0: Foul Ball, location: 2F 1-1: Foul Ball, location: 2F 1-2: Foul Ball, location: 2F 1-2: Fly out, F9 (Flyball, 9)
|
Batting: RHB Rodrigo Lugo
|
0-0: Ball 1-0: Called Strike 1-1: Ball 2-1: Fly out, F9 (Flyball, 9LSF)
|
Batting: RHB Augusto Escobar
|
0-0: Ball 1-0: Called Strike 1-1: Ball 2-1: Called Strike 2-2: Foul Ball, location: 2F 2-2: Ball 3-2: Foul Ball, location: 2F 3-2: Strikes out swinging
|
Bottom of the 3rd over - 0 runs, 0 hits, 0 errors, 0 left on base; Bloomington 2 - Scranton 0 |
TOP OF THE 4TH |
Bloomington Longnecks batting - Pitching for Scranton Supernovas : RHP Malulani Anakone
|
Batting: RHB Sébastien Bernard
|
0-0: Ball 1-0: Called Strike 1-1: Ball 2-1: Fly out, F7 (Flyball, 7S)
|
Batting: LHB Daniel Faraday
|
0-0: Ball 1-0: Foul Ball, location: 2F 1-1: Ball 2-1: Foul Ball, location: 2F 2-2: Strikes out looking
|
Batting: RHB Tony Martínez
|
0-0: Foul Ball, location: 2F 0-1: Ground out 6-3 (Groundball, 6M)
|
Top of the 4th over - 0 runs, 0 hits, 0 errors, 0 left on base; Bloomington 2 - Scranton 0 |
BOTTOM OF THE 4TH |
Scranton Supernovas batting - Pitching for Bloomington Longnecks : RHP Tony DeWitt
|
Batting: RHB Jesús Guzmán
|
0-0: Ball 1-0: SINGLE (Groundball, 6MD)
|
Batting: RHB José Bravo
|
0-0: Ball 1-0: Called Strike 1-1: Ball 2-1: Fly out, F3 (Popup, 3S)
|
Batting: LHB Hai-feng Tang
|
0-0: Called Strike 0-1: Ball 1-1: TRIPLE (Flyball, 89XD) Jesús Guzmán scores
|
Batting: LHB Chase Popoff
|
0-0: Ball 1-0: DOUBLE (Line Drive, 9LS) Hai-feng Tang scores
|
Batting: RHB Felipe Bruno
|
0-0: Intentional Walk
|
Batting: RHB Mike Pate
|
0-0: Called Strike 0-1: Fly out, F7 (Flyball, 78M)
|
Batting: RHB José Rodríguez
|
0-0: Foul Ball, location: 2F 0-1: Fly out, F8 (Flyball, 8RD)
|
Bottom of the 4th over - 2 runs, 3 hits, 0 errors, 2 left on base; Bloomington 2 - Scranton 2 |
TOP OF THE 5TH |
Bloomington Longnecks batting - Pitching for Scranton Supernovas : RHP Malulani Anakone
|
Batting: RHB Eun-bum Kim
|
0-0: Ball 1-0: Ball 2-0: Called Strike 2-1: Called Strike 2-2: Ball 3-2: Fly out, F8 (Flyball, 8LM)
|
Batting: SHB Benedict Patel
|
0-0: Foul Ball, location: 2F 0-1: Ball 1-1: Ground out 1-3 (Groundball, 15S)
|
Batting: RHB Yu-shu Tseng
|
0-0: Ball 1-0: TRIPLE (Flyball, 89XD)
|
Batting: RHB Toussiant L'Ouverture
|
0-0: Foul Ball, location: 2F 0-1: Ball 1-1: Ground out U3 (Groundball, 34)
|
Top of the 5th over - 0 runs, 1 hit, 0 errors, 1 left on base; Bloomington 2 - Scranton 2 |
BOTTOM OF THE 5TH |
Scranton Supernovas batting - Pitching for Bloomington Longnecks : RHP Tony DeWitt
|
Batting: RHB Rodrigo Lugo
|
0-0: Ball 1-0: Ball 2-0: Foul Ball, location: 2F 2-1: SINGLE (Line Drive, 9S)
|
Batting: RHB Augusto Escobar
|
0-0: Called Strike 0-1: Called Strike 0-2: Ball 1-2: Ball 2-2: Foul Ball, location: 2F 2-2: Fly out, F8 (Flyball, 78D)
|
Batting: RHB Jesús Guzmán
|
0-0: Ball 1-0: Ball 2-0: Ball 3-0: Called Strike 3-1: Base on Balls Rodrigo Lugo to second
|
Batting: RHB José Bravo
|
0-0: Called Strike 0-1: Ball 1-1: Fly out, F9 (Flyball, 9S)
|
Batting: LHB Hai-feng Tang
|
0-0: Ball 1-0: Ball 2-0: Foul Ball, location: 2F 2-1: SINGLE (Line Drive, 78S) Rodrigo Lugo to third Jesús Guzmán to second
|
Batting: LHB Chase Popoff
|
0-0: Ball 1-0: Foul Ball, location: 2F 1-1: DOUBLE (Groundball, 5L) Rodrigo Lugo scores Jesús Guzmán scores Hai-feng Tang to third
|
Batting: RHB Felipe Bruno
|
0-0: Intentional Walk
|
Batting: RHB Mike Pate
|
0-0: Ball 1-0: Called Strike 1-1: Ball 2-1: Fly out, F9 (Line Drive, 9LS)
|
Bottom of the 5th over - 2 runs, 3 hits, 0 errors, 3 left on base; Bloomington 2 - Scranton 4 |
TOP OF THE 6TH |
Bloomington Longnecks batting - Pitching for Scranton Supernovas : RHP Malulani Anakone
|
Batting: RHB Carlos Cardona
|
0-0: Foul Ball, location: 2F 0-1: DOUBLE (Line Drive, 89D) - OUT at third base trying to stretch hit.
|
Batting: LHB Henk van Aardschot
|
0-0: Ball 1-0: Foul Ball, location: 2F 1-1: Ball 2-1: Ground out 4-3 (Groundball, 4)
|
Batting: RHB Sébastien Bernard
|
0-0: Ball 1-0: Ball 2-0: Ball 3-0: Base on Balls
|
Batting: LHB Daniel Faraday
|
0-0: Ball 1-0: Ball 2-0: DOUBLE (Line Drive, 9LM) Sébastien Bernard to third Runner from 3rd tries for Home, SAFE, no throw
|
Batting: RHB Tony Martínez
|
0-0: Ball 1-0: Called Strike 1-1: Ground out 6-3 (Groundball, 6S)
|
Top of the 6th over - 1 run, 2 hits, 0 errors, 1 left on base; Bloomington 3 - Scranton 4 |
BOTTOM OF THE 6TH |
Scranton Supernovas batting - Pitching for Bloomington Longnecks : RHP Tony DeWitt
|
Batting: RHB José Rodríguez
|
0-0: Called Strike 0-1: Ball 1-1: Foul Ball, location: 2F 1-2: Ground out 1-3 (Groundball, 13S)
|
Batting: RHB Rodrigo Lugo
|
0-0: Called Strike 0-1: Fly out, F8 (Flyball, 89M)
|
Batting: RHB Augusto Escobar
|
0-0: Ball 1-0: Foul Ball, location: 2F 1-1: Foul Ball, location: 2F 1-2: Foul Ball, location: 2F 1-2: Ball 2-2: Ball 3-2: Foul Ball, location: 2F 3-2: Reached via error on a dropped throw, E1
|
Batting: RHB Jesús Guzmán
|
0-0: Fly out, F8 (Line Drive, 8RD)
|
Bottom of the 6th over - 0 runs, 0 hits, 1 error, 1 left on base; Bloomington 3 - Scranton 4 |
TOP OF THE 7TH |
Bloomington Longnecks batting - Pitching for Scranton Supernovas : RHP Malulani Anakone
|
Batting: RHB Eun-bum Kim
|
0-0: Ball 1-0: Fly out, F8 (Flyball, 8RXD)
|
Batting: SHB Benedict Patel
|
0-0: Called Strike 0-1: Foul Ball, location: 2F 0-2: Ball 1-2: Ball 2-2: Ground out 3-1 (Groundball, 3D)
|
Batting: RHB Yu-shu Tseng
|
0-0: Ball 1-0: Ball 2-0: Ball 3-0: Called Strike 3-1: Swinging Strike 3-2: Base on Balls
|
Pitching: RHP Orlando Ángel
|
|
Batting: RHB Toussiant L'Ouverture
|
0-0: Ball 1-0: Ball 2-0: Ball 3-0: Base on Balls Yu-shu Tseng to second
|
Batting: RHB Carlos Cardona
|
0-0: Ball 1-0: Foul Ball, location: 2F 1-1: Swinging Strike 1-2: Ball 2-2: Ball 3-2: Ground out 3-1 (Groundball, 2R)
|
Top of the 7th over - 0 runs, 0 hits, 0 errors, 2 left on base; Bloomington 3 - Scranton 4 |
BOTTOM OF THE 7TH |
Scranton Supernovas batting - Pitching for Bloomington Longnecks : RHP Tony DeWitt
|
Pitching: RHP John Walton
|
|
Batting: RHB José Bravo
|
0-0: Ball 1-0: Called Strike 1-1: Called Strike 1-2: Ball 2-2: Ground out 4-3 (Groundball, 4)
|
Batting: LHB Hai-feng Tang
|
0-0: Foul Ball, location: 2F 0-1: Ball 1-1: Fly out, F9 (Flyball, 9S)
|
Batting: LHB Chase Popoff
|
0-0: Ball 1-0: SINGLE (Line Drive, 7S)
|
Pinch Runner at 1st David Wooderson:
|
|
Batting: RHB Felipe Bruno
|
0-0: Ball 1-0: Ball 2-0: Ball 3-0: Foul Ball, location: 2F 3-1: Ground out 3-1 (Groundball, 34S)
|
Bottom of the 7th over - 0 runs, 1 hit, 0 errors, 1 left on base; Bloomington 3 - Scranton 4 |
TOP OF THE 8TH |
Bloomington Longnecks batting - Pitching for Scranton Supernovas : RHP Osvaldo Garibe
|
Pitching: RHP Osvaldo Garibe
|
|
Now at 1B: Max Berman
|
|
Batting: LHB Henk van Aardschot
|
0-0: Ball 1-0: Called Strike 1-1: Ground out U3 (Groundball, 34)
|
Batting: RHB Sébastien Bernard
|
0-0: Ball 1-0: Foul Ball, location: 2F 1-1: Foul Ball, location: 2F 1-2: Foul Ball, location: 2F 1-2: Fly out, F5 (Line Drive, 5)
|
Batting: LHB Daniel Faraday
|
0-0: Ball 1-0: Swinging Strike 1-1: Swinging Strike 1-2: Ball 2-2: Foul Ball, location: 2F 2-2: Strikes out swinging
|
Top of the 8th over - 0 runs, 0 hits, 0 errors, 0 left on base; Bloomington 3 - Scranton 4 |
BOTTOM OF THE 8TH |
Scranton Supernovas batting - Pitching for Bloomington Longnecks : RHP John Walton
|
Batting: RHB Mike Pate
|
0-0: Ball 1-0: Swinging Strike 1-1: Foul Ball, location: 2F 1-2: Strikes out swinging
|
Batting: RHB José Rodríguez
|
0-0: Ball 1-0: Fly out, F4 (Flyball, 34D)
|
Batting: RHB Rodrigo Lugo
|
0-0: Foul Ball, location: 2F 0-1: Fly out, F9 (Flyball, 9D)
|
Bottom of the 8th over - 0 runs, 0 hits, 0 errors, 0 left on base; Bloomington 3 - Scranton 4 |
TOP OF THE 9TH |
Bloomington Longnecks batting - Pitching for Scranton Supernovas : RHP Osvaldo Garibe
|
Pitching: RHP Greg Davis
|
|
Pinch Hitting: RHB Rob Gray
|
0-0: Called Strike 0-1: Ball 1-1: Ball 2-1: Ground out 6-3 (Groundball, 6)
|
Batting: RHB Eun-bum Kim
|
0-0: Swinging Strike 0-1: Called Strike 0-2: Ball 1-2: Ball 2-2: Strikes out looking
|
Batting: SHB Benedict Patel
|
0-0: Ball 1-0: Called Strike 1-1: Foul Ball, location: 2F 1-2: Ball 2-2: Ball 3-2: Ground out 6-3 (Groundball, 6)
|
Top of the 9th over - 0 runs, 0 hits, 0 errors, 0 left on base; Bloomington 3 - Scranton 4 |
|